3278 views
Uploaded 2020-07-16 00:21:55
Game version 1.32.6 / 1.32.7
23:17 long 4on4 ladder game on (8)MarketSquare
Saved by BEARAND
3278 views
Uploaded 2020-07-16 00:21:55
Game version 1.32.6 / 1.32.7
23:17 long 4on4 ladder game on (8)MarketSquare

101 units @ 14.1k
/ 1.7k
98 buildings @ 13.6k
/ 5k

| Rod of Necromancy | 1 | 150 |
| Scroll of Town Portal | 3 | 1050 |
| total: | 4 | 1200g |
| Acolyte | 10 | 750 | / | 0 |
| Ghoul | 10 | 1200 | / | 0 |
| Abomination | 11 | 2640 | / | 770 |
| Gargoyle | 8 | 1400 | / | 240 |
| total: | 39 | 5990g | / | 1010w |
| Spirit Tower | 1 | 145 | / | 40 |
| Ziggurat | 6 | 900 | / | 300 |
| Altar of Darkness | 1 | 180 | / | 50 |
| Crypt | 1 | 200 | / | 50 |
| Tomb of Relics | 1 | 130 | / | 30 |
| Graveyard | 1 | 215 | / | 0 |
| Necropolis | 6 | 1350 | / | 0 |
| Slaughterhouse | 2 | 280 | / | 270 |
| Halls of the Dead | 1 | 320 | / | 210 |
| Black Citadel | 1 | 325 | / | 230 |
| total: | 18 | 3255g | / | 700w |
| 0:04 | Acolyte |
| 0:04 | Acolyte |
| 0:11 | Ziggurat |
| 0:13 | Altar of Darkness |
| 0:33 | Crypt |
| 0:51 | Acolyte |
| 1:00 | Tomb of Relics |
| 1:17 | Ziggurat |
| 1:33 | Ghoul |
| 1:36 | Ghoul |
| 1:57 | Graveyard |
| 2:11 | Ghoul |
| 2:25 | Ziggurat |
| 2:28 | Carrion Beetles |
| 2:39 | Rod of Necromancy |
| 2:50 | Ghoul |
| 3:32 | Halls of the Dead |
| 3:34 | Ghoul |
| 3:44 | Ghoul |
| 3:59 | Ziggurat |
| 4:10 | Ghoul |
| 4:39 | Spiked Carapace |
| 4:53 | Ghoul |
| 4:53 | Ghoul |
| 4:56 | Ziggurat |
| 5:35 | Ghoul |
| 5:42 | Carrion Beetles |
| 5:48 | Necropolis |
| 6:07 | Black Citadel |
| 6:52 | Unholy Strength |
| 6:53 | Creature Attack |
| 7:09 | Slaughterhouse |
| 7:14 | Slaughterhouse |
| 7:19 | Necropolis |
| 8:11 | Acolyte |
| 8:11 | Acolyte |
| 8:16 | Impale |
| 9:00 | Abomination |
| 9:00 | Abomination |
| 9:06 | Disease Cloud |
| 9:24 | Acolyte |
| 9:24 | Acolyte |
| 9:32 | Abomination |
| 9:51 | Improved Unholy Strength |
| 9:58 | Unholy Armor |
| 10:20 | Necropolis |
| 10:42 | Necropolis |
| 11:16 | Scroll of Town Portal |
| 11:40 | Abomination |
| 12:04 | Abomination |
| 12:14 | Acolyte |
| 12:23 | Ziggurat |
| 12:47 | Gargoyle |
| 12:47 | Gargoyle |
| 12:48 | Gargoyle |
| 12:53 | Acolyte |
| 12:55 | Acolyte |
| 13:29 | Abomination |
| 13:45 | Necropolis |
| 13:47 | Necropolis |
| 14:02 | Abomination |
| 15:55 | Abomination |
| 15:55 | Abomination |
| 15:55 | Abomination |
| 16:37 | Gargoyle |
| 16:37 | Gargoyle |
| 16:38 | Gargoyle |
| 17:22 | Abomination |
| 17:24 | Gargoyle |
| 17:24 | Gargoyle |
| 18:10 | Scroll of Town Portal |
| 18:18 | Impale |
| 18:50 | Spirit Tower |
| 18:54 | Scroll of Town Portal |
| Right click | 1196 |
| Assign group | 908 |
| Select | 618 |
| Select group | 275 |
| Misc. action | 140 |
| Build/train/purchase | 62 |
| Use ability | 17 |
| Remove unit | 2 |
| Minimap ping | 1 |

| Mechanical Critter | 113 | 5650 |
| Lesser Clarity Potion | 3 | 210 |
| Scroll of Regeneration | 3 | 300 |
| Potion of Healing | 2 | 300 |
| Scroll of Town Portal | 2 | 700 |
| Boots of Speed | 1 | 250 |
| Staff of Teleportation | 1 | 150 |
| total: | 125 | 7560g |
| Peasant | 9 | 675 | / | 0 |
| total: | 9 | 675g | / | 0w |
| Scout Tower | 22 | 660 | / | 440 |
| Arcane Tower | 1 | 70 | / | 50 |
| Guard Tower | 18 | 1260 | / | 900 |
| Altar of Kings | 1 | 180 | / | 50 |
| Farm | 1 | 80 | / | 20 |
| Lumber Mill | 1 | 120 | / | 0 |
| Arcane Vault | 10 | 1300 | / | 300 |
| Keep | 1 | 320 | / | 210 |
| Castle | 1 | 360 | / | 210 |
| total: | 35 | 2340g | / | 810w |
| 0:04 | Peasant |
| 0:04 | Peasant |
| 0:04 | Peasant |
| 0:10 | Peasant |
| 0:15 | Altar of Kings |
| 0:21 | Farm |
| 0:26 | Peasant |
| 0:37 | Peasant |
| 1:00 | Scout Tower |
| 1:23 | Peasant |
| 1:27 | Scout Tower |
| 1:28 | Arcane Tower |
| 1:33 | Scout Tower |
| 1:34 | Peasant |
| 1:37 | Lumber Mill |
| 1:39 | Peasant |
| 2:03 | Scout Tower |
| 2:15 | Flame Strike |
| 2:22 | Arcane Vault |
| 2:35 | Scout Tower |
| 2:38 | Scout Tower |
| 2:39 | Scout Tower |
| 2:41 | Improved Masonry |
| 2:44 | Guard Tower |
| 3:23 | Guard Tower |
| 3:23 | Guard Tower |
| 3:30 | Arcane Vault |
| 3:31 | Mechanical Critter |
| 3:32 | Mechanical Critter |
| 3:34 | Lesser Clarity Potion |
| 3:36 | Scroll of Regeneration |
| 3:41 | Lesser Clarity Potion |
| 3:41 | Scroll of Regeneration |
| 3:56 | Guard Tower |
| 4:00 | Scout Tower |
| 4:01 | Scout Tower |
| 4:01 | Scout Tower |
| 4:30 | Guard Tower |
| 4:34 | Arcane Vault |
| 4:36 | Arcane Vault |
| 4:39 | Siphon Mana |
| 4:46 | Guard Tower |
| 5:13 | Guard Tower |
| 5:56 | Guard Tower |
| 6:02 | Keep |
| 6:07 | Scout Tower |
| 6:09 | Scout Tower |
| 6:09 | Scout Tower |
| 6:15 | Boots of Speed |
| 6:15 | Staff of Teleportation |
| 6:30 | Scroll of Regeneration |
| 6:32 | Mechanical Critter |
| 6:32 | Mechanical Critter |
| 6:34 | Mechanical Critter |
| 6:34 | Mechanical Critter |
| 6:34 | Mechanical Critter |
| 6:36 | Mechanical Critter |
| 6:36 | Mechanical Critter |
| 7:33 | Guard Tower |
| 7:33 | Guard Tower |
| 7:36 | Arcane Vault |
| 7:37 | Arcane Vault |
| 7:40 | Arcane Vault |
| 8:34 | Castle |
| 8:50 | Mechanical Critter |
| 8:50 | Mechanical Critter |
| 8:52 | Mechanical Critter |
| 8:54 | Mechanical Critter |
| 8:54 | Mechanical Critter |
| 8:57 | Mechanical Critter |
| 8:57 | Mechanical Critter |
| 9:01 | Mechanical Critter |
| 9:01 | Mechanical Critter |
| 9:04 | Mechanical Critter |
| 9:05 | Mechanical Critter |
| 9:06 | Mechanical Critter |
| 9:06 | Mechanical Critter |
| 9:19 | Mechanical Critter |
| 9:19 | Mechanical Critter |
| 9:19 | Mechanical Critter |
| 9:35 | Arcane Vault |
| 10:30 | Arcane Vault |
| 10:33 | Advanced Masonry |
| 10:45 | Arcane Vault |
| 10:46 | Mechanical Critter |
| 10:47 | Mechanical Critter |
| 10:54 | Mechanical Critter |
| 10:54 | Mechanical Critter |
| 10:54 | Mechanical Critter |
| 11:05 | Mechanical Critter |
| 11:05 | Mechanical Critter |
| 11:05 | Mechanical Critter |
| 11:09 | Lesser Clarity Potion |
| 11:10 | Mechanical Critter |
| 11:10 | Mechanical Critter |
| 11:13 | Mechanical Critter |
| 11:19 | Mechanical Critter |
| 11:19 | Mechanical Critter |
| 11:21 | Mechanical Critter |
| 11:21 | Mechanical Critter |
| 11:21 | Mechanical Critter |
| 12:09 | Mechanical Critter |
| 12:09 | Mechanical Critter |
| 12:09 | Mechanical Critter |
| 12:16 | Mechanical Critter |
| 12:27 | Mechanical Critter |
| 12:28 | Mechanical Critter |
| 12:30 | Mechanical Critter |
| 12:43 | Mechanical Critter |
| 12:44 | Mechanical Critter |
| 12:44 | Mechanical Critter |
| 12:44 | Mechanical Critter |
| 12:45 | Mechanical Critter |
| 12:46 | Mechanical Critter |
| 12:49 | Mechanical Critter |
| 12:51 | Mechanical Critter |
| 12:51 | Mechanical Critter |
| 12:52 | Mechanical Critter |
| 12:52 | Mechanical Critter |
| 12:52 | Mechanical Critter |
| 13:50 | Mechanical Critter |
| 13:52 | Mechanical Critter |
| 13:52 | Mechanical Critter |
| 13:52 | Mechanical Critter |
| 13:54 | Mechanical Critter |
| 13:54 | Mechanical Critter |
| 13:58 | Mechanical Critter |
| 13:59 | Mechanical Critter |
| 14:00 | Mechanical Critter |
| 14:00 | Mechanical Critter |
| 14:02 | Mechanical Critter |
| 14:02 | Mechanical Critter |
| 14:04 | Mechanical Critter |
| 14:04 | Mechanical Critter |
| 14:10 | Mechanical Critter |
| 14:11 | Mechanical Critter |
| 14:12 | Mechanical Critter |
| 14:12 | Mechanical Critter |
| 14:12 | Mechanical Critter |
| 14:13 | Mechanical Critter |
| 14:13 | Mechanical Critter |
| 15:15 | Mechanical Critter |
| 15:15 | Mechanical Critter |
| 15:17 | Mechanical Critter |
| 15:17 | Mechanical Critter |
| 15:19 | Mechanical Critter |
| 15:19 | Mechanical Critter |
| 15:24 | Mechanical Critter |
| 15:25 | Mechanical Critter |
| 15:25 | Mechanical Critter |
| 15:25 | Mechanical Critter |
| 15:27 | Mechanical Critter |
| 15:27 | Mechanical Critter |
| 15:29 | Mechanical Critter |
| 15:35 | Mechanical Critter |
| 15:35 | Mechanical Critter |
| 15:37 | Mechanical Critter |
| 15:37 | Mechanical Critter |
| 15:42 | Mechanical Critter |
| 15:44 | Mechanical Critter |
| 15:44 | Mechanical Critter |
| 15:46 | Mechanical Critter |
| 15:47 | Mechanical Critter |
| 15:48 | Mechanical Critter |
| 15:48 | Mechanical Critter |
| 16:45 | Mechanical Critter |
| 16:45 | Mechanical Critter |
| 16:46 | Mechanical Critter |
| 16:47 | Mechanical Critter |
| 17:54 | Imbued Masonry |
| 18:25 | Mechanical Critter |
| 18:26 | Mechanical Critter |
| 18:26 | Mechanical Critter |
| 18:26 | Mechanical Critter |
| 18:43 | Scout Tower |
| 18:43 | Scout Tower |
| 18:44 | Scout Tower |
| 18:44 | Scout Tower |
| 18:45 | Scout Tower |
| 18:48 | Scout Tower |
| 18:49 | Scout Tower |
| 18:52 | Scout Tower |
| 18:52 | Scout Tower |
| 19:54 | Guard Tower |
| 20:38 | Guard Tower |
| 20:51 | Scroll of Town Portal |
| 21:22 | Scroll of Town Portal |
| 21:24 | Potion of Healing |
| 21:24 | Potion of Healing |
| Right click | 2062 |
| Chat | 711 |
| Select | 664 |
| Build/train/purchase | 397 |
| Misc. action | 28 |
| Use ability | 18 |
| Assign group | 5 |
| Item give/drop | 5 |
| Remove unit | 1 |
| Esc | 1 |


| Healing Salve | 11 | 1100 |
| Lesser Clarity Potion | 8 | 560 |
| Potion of Healing | 1 | 150 |
| Scroll of Town Portal | 2 | 700 |
| total: | 22 | 2510g |
| Peon | 20 | 1500 | / | 0 |
| Grunt | 5 | 1000 | / | 0 |
| Raider | 7 | 1260 | / | 280 |
| total: | 32 | 3760g | / | 280w |
| Watch Tower | 10 | 1100 | / | 800 |
| Altar of Storms | 2 | 360 | / | 100 |
| Orc Burrow | 7 | 1120 | / | 280 |
| Barracks | 1 | 180 | / | 50 |
| Voodoo Lounge | 1 | 130 | / | 30 |
| War Mill | 2 | 410 | / | 0 |
| Great Hall | 5 | 1925 | / | 925 |
| Beastiary | 2 | 290 | / | 280 |
| Stronghold | 4 | 1260 | / | 760 |
| Fortress | 2 | 650 | / | 380 |
| total: | 30 | 5515g | / | 2465w |
| 0:04 | Altar of Storms |
| 0:05 | Peon |
| 0:10 | Peon |
| 0:16 | Orc Burrow |
| 0:26 | Peon |
| 0:48 | Peon |
| 0:52 | Barracks |
| 0:58 | Peon |
| 1:18 | Peon |
| 1:32 | Orc Burrow |
| 1:37 | Peon |
| 1:52 | Grunt |
| 2:05 | Voodoo Lounge |
| 2:07 | Feral Spirit |
| 2:37 | Grunt |
| 2:38 | Peon |
| 3:03 | Stronghold |
| 3:29 | Grunt |
| 3:41 | Orc Burrow |
| 3:43 | Chain Lighting |
| 4:06 | Healing Salve |
| 4:06 | Lesser Clarity Potion |
| 4:38 | Grunt |
| 5:04 | Feral Spirit |
| 5:30 | Beastiary |
| 5:33 | Beastiary |
| 5:35 | Fortress |
| 6:02 | Grunt |
| 6:29 | Lesser Clarity Potion |
| 6:31 | Healing Salve |
| 6:31 | Lesser Clarity Potion |
| 6:37 | Frost Arrows |
| 6:45 | Orc Burrow |
| 6:47 | Ensnare |
| 7:12 | Raider |
| 7:32 | War Mill |
| 7:45 | Forked Lightning |
| 7:53 | Raider |
| 8:00 | Pillage |
| 8:04 | Lesser Clarity Potion |
| 8:04 | Healing Salve |
| 8:04 | Healing Salve |
| 8:24 | Raider |
| 8:25 | Raider |
| 8:32 | Burning Oil |
| 9:29 | Raider |
| 9:30 | Reinforced Defenses |
| 9:35 | Scroll of Town Portal |
| 10:15 | Orc Burrow |
| 10:22 | Healing Salve |
| 10:22 | Lesser Clarity Potion |
| 10:22 | Healing Salve |
| 10:22 | Healing Salve |
| 11:33 | Forked Lightning |
| 11:42 | Great Hall |
| 11:44 | Great Hall |
| 11:44 | Watch Tower |
| 11:57 | Great Hall |
| 12:01 | Watch Tower |
| 12:01 | Watch Tower |
| 12:51 | Watch Tower |
| 13:15 | Chain Lighting |
| 13:33 | Peon |
| 13:33 | Peon |
| 13:36 | Peon |
| 13:36 | Peon |
| 14:15 | Lesser Clarity Potion |
| 14:16 | Healing Salve |
| 14:16 | Healing Salve |
| 14:16 | Healing Salve |
| 14:16 | Healing Salve |
| 14:30 | Scroll of Town Portal |
| 14:31 | Lesser Clarity Potion |
| 14:31 | Lesser Clarity Potion |
| 14:32 | Potion of Healing |
| 14:37 | Raider |
| 15:20 | Great Hall |
| 15:21 | Watch Tower |
| 15:21 | Watch Tower |
| 15:23 | Great Hall |
| 16:08 | Watch Tower |
| 16:19 | Raider |
| 16:31 | Watch Tower |
| 17:01 | Watch Tower |
| 17:02 | Watch Tower |
| 18:17 | Orc Burrow |
| 18:19 | Altar of Storms |
| 18:35 | Peon |
| 18:35 | Peon |
| 18:48 | Peon |
| 18:49 | Peon |
| 19:19 | Peon |
| 19:19 | Peon |
| 19:22 | Orc Burrow |
| 19:59 | Peon |
| 19:59 | Peon |
| 20:13 | War Mill |
| 21:09 | Stronghold |
| Right click | 1032 |
| Select group | 828 |
| Select | 600 |
| Misc. action | 318 |
| Chat | 195 |
| Build/train/purchase | 134 |
| Use ability | 96 |
| Assign group | 54 |
| Minimap ping | 24 |
| Esc | 4 |
| Item give/drop | 2 |


| Healing Salve | 5 | 500 |
| Orb of Lightning | 1 | 375 |
| Scroll of Town Portal | 1 | 350 |
| Potion of Lesser Invulnerability | 1 | 150 |
| Orb of Corruption | 1 | 375 |
| Rod of Necromancy | 1 | 150 |
| total: | 10 | 1900g |
| Peon | 10 | 750 | / | 0 |
| Wind Rider | 11 | 2915 | / | 440 |
| total: | 21 | 3665g | / | 440w |
| Watch Tower | 3 | 330 | / | 240 |
| Altar of Storms | 1 | 180 | / | 50 |
| Orc Burrow | 6 | 960 | / | 240 |
| War Mill | 1 | 205 | / | 0 |
| Voodoo Lounge | 1 | 130 | / | 30 |
| Great Hall | 1 | 385 | / | 185 |
| Beastiary | 2 | 290 | / | 280 |
| Stronghold | 2 | 630 | / | 380 |
| Fortress | 1 | 325 | / | 190 |
| total: | 15 | 2480g | / | 1025w |
| 0:04 | Peon |
| 0:04 | Peon |
| 0:04 | Peon |
| 0:10 | Altar of Storms |
| 0:21 | Orc Burrow |
| 0:38 | War Mill |
| 0:48 | Peon |
| 1:01 | Peon |
| 1:08 | Peon |
| 1:23 | Voodoo Lounge |
| 1:32 | Peon |
| 1:47 | Peon |
| 1:52 | Watch Tower |
| 2:05 | Peon |
| 2:14 | Wind Walk |
| 2:24 | Watch Tower |
| 2:29 | Watch Tower |
| 2:31 | Peon |
| 2:55 | Healing Salve |
| 3:07 | Stronghold |
| 3:33 | Orc Burrow |
| 3:40 | Orc Burrow |
| 3:58 | Steel Ranged Weapons |
| 4:18 | Mirror Image |
| 5:02 | Orc Burrow |
| 5:29 | Beastiary |
| 5:37 | Healing Salve |
| 5:42 | Reinforced Defenses |
| 6:28 | Healing Salve |
| 6:32 | War Stomp |
| 6:33 | Wind Rider |
| 7:11 | Wind Rider |
| 7:21 | Thorium Ranged Weapons |
| 7:50 | Wind Rider |
| 7:52 | Fortress |
| 8:18 | Wind Rider |
| 8:22 | Mirror Image |
| 8:44 | Wind Rider |
| 8:46 | Steel Armor |
| 9:20 | Wind Rider |
| 9:34 | Endurance Aura |
| 10:04 | Wind Rider |
| 10:07 | Beastiary |
| 10:10 | Healing Salve |
| 10:22 | Orc Burrow |
| 10:25 | Orb of Lightning |
| 10:34 | Envenomed Spears |
| 10:45 | Arcanite Ranged Weapons |
| 10:55 | Potion of Lesser Invulnerability |
| 10:59 | Endurance Aura |
| 11:18 | Wind Rider |
| 11:25 | Wind Rider |
| 11:31 | Critical Strike |
| 11:51 | Thorium Armor |
| 12:19 | Orc Burrow |
| 12:54 | War Stomp |
| 13:11 | Healing Salve |
| 13:28 | Scroll of Town Portal |
| 13:31 | Wind Rider |
| 13:49 | Arcanite Armor |
| 14:07 | Wind Rider |
| 14:38 | Mirror Image |
| 17:29 | Orb of Corruption |
| 17:32 | Rod of Necromancy |
| 18:02 | Great Hall |
| Right click | 721 |
| Select | 361 |
| Chat | 191 |
| Build/train/purchase | 106 |
| Misc. action | 42 |
| Use ability | 29 |
| Item give/drop | 6 |
172 units @ 21k
/ 2.2k
81 buildings @ 11.2k
/ 4.3k

| Lesser Clarity Potion | 2 | 140 |
| Potion of Mana | 2 | 400 |
| Potion of Healing | 1 | 150 |
| Moonstone | 1 | 50 |
| Staff of Preservation | 1 | 150 |
| Scroll of Town Portal | 2 | 700 |
| Scroll of Healing | 1 | 250 |
| Boots of Speed | 1 | 250 |
| total: | 11 | 2090g |
| Wisp | 15 | 900 | / | 0 |
| Archer | 7 | 910 | / | 70 |
| Mountain Giant | 3 | 1050 | / | 300 |
| Dryad | 1 | 145 | / | 60 |
| total: | 26 | 3005g | / | 430w |
| Moon Well | 6 | 1080 | / | 240 |
| Altar of Elders | 1 | 180 | / | 50 |
| Ancient of War | 1 | 150 | / | 60 |
| Tree of Life | 1 | 340 | / | 185 |
| Hunter's Hall | 1 | 210 | / | 100 |
| Ancient of Wonders | 2 | 180 | / | 60 |
| Ancient of Lore | 2 | 310 | / | 290 |
| Tree of Ages | 1 | 320 | / | 180 |
| Tree of Eternity | 1 | 330 | / | 200 |
| total: | 14 | 2450g | / | 985w |
| 0:05 | Wisp |
| 0:05 | Wisp |
| 0:05 | Wisp |
| 0:06 | Wisp |
| 0:06 | Wisp |
| 0:06 | Wisp |
| 0:33 | Moon Well |
| 0:52 | Altar of Elders |
| 1:02 | Ancient of War |
| 1:16 | Moon Well |
| 1:21 | Wisp |
| 1:38 | Wisp |
| 1:39 | Wisp |
| 2:10 | Archer |
| 2:11 | Archer |
| 2:32 | Tree of Ages |
| 2:41 | Archer |
| 3:07 | Archer |
| 3:14 | Fan of Knives |
| 3:23 | Moon Well |
| 3:40 | Archer |
| 3:48 | Archer |
| 4:20 | Archer |
| 4:37 | Tree of Life |
| 4:45 | Blink |
| 4:58 | Tree of Eternity |
| 5:16 | Hunter's Hall |
| 5:25 | Ancient of Wonders |
| 5:30 | Improved Bows |
| 6:39 | Fan of Knives |
| 6:43 | Wisp |
| 6:44 | Wisp |
| 6:44 | Wisp |
| 6:44 | Wisp |
| 6:53 | Ancient of Lore |
| 7:08 | Ancient of Lore |
| 7:27 | Moon Well |
| 9:09 | Scroll of Town Portal |
| 9:09 | Lesser Clarity Potion |
| 9:11 | Potion of Mana |
| 9:11 | Potion of Mana |
| 9:23 | Wisp |
| 9:26 | Mountain Giant |
| 9:32 | Moon Well |
| 9:37 | Potion of Healing |
| 9:37 | Moonstone |
| 9:41 | Lesser Clarity Potion |
| 9:45 | Staff of Preservation |
| 9:57 | Hardened Skin |
| 9:58 | Resistant Skin |
| 10:01 | Well Spring |
| 10:31 | Blink |
| 10:43 | Reinforced Hides |
| 11:29 | Mountain Giant |
| 11:34 | Fan of Knives |
| 11:44 | Wisp |
| 12:30 | Mountain Giant |
| 12:48 | Improved Reinforced Hides |
| 14:31 | Dryad |
| 14:32 | Abolish Magic |
| 14:39 | Scroll of Town Portal |
| 14:40 | Boots of Speed |
| 14:40 | Scroll of Healing |
| 14:55 | Moon Well |
| 15:30 | Advanced Reinforced Hides |
| 15:36 | Ancient of Wonders |
| 16:14 | Spirit of Vengeance |
| 17:42 | Strength of the Wild |
| 18:45 | Improved Strength of the Wild |
| 21:39 | Shadow Strike |
| 22:33 | Advanced Strength of the Wild |
| Right click | 2032 |
| Select group | 1940 |
| Select | 391 |
| Build/train/purchase | 132 |
| Use ability | 47 |
| Misc. action | 23 |
| Chat | 22 |
| Assign group | 18 |
| Minimap ping | 10 |
| Item give/drop | 1 |

| Periapt of Vitality | 1 | 325 |
| Circlet of Nobility | 1 | 175 |
| Boots of Speed | 1 | 250 |
| total: | 3 | 750g |
| Peon | 7 | 525 | / | 0 |
| Troll Headhunter | 8 | 1120 | / | 160 |
| Shaman | 9 | 1170 | / | 180 |
| Troll Berserker | 6 | 840 | / | 120 |
| total: | 30 | 3655g | / | 460w |
| Barracks | 2 | 360 | / | 100 |
| Altar of Storms | 1 | 180 | / | 50 |
| Orc Burrow | 6 | 960 | / | 240 |
| War Mill | 1 | 205 | / | 0 |
| Voodoo Lounge | 1 | 130 | / | 30 |
| Spirit Lodge | 1 | 150 | / | 150 |
| Stronghold | 1 | 315 | / | 190 |
| Fortress | 1 | 325 | / | 190 |
| total: | 12 | 1985g | / | 570w |
| 0:21 | Barracks |
| 0:23 | Altar of Storms |
| 0:26 | Orc Burrow |
| 0:37 | Peon |
| 0:58 | Peon |
| 1:10 | Peon |
| 1:47 | War Mill |
| 2:03 | Peon |
| 2:04 | Peon |
| 2:04 | Peon |
| 2:23 | Peon |
| 2:31 | Orc Burrow |
| 2:38 | Serpent Ward |
| 3:11 | Troll Headhunter |
| 3:11 | Troll Headhunter |
| 3:14 | Barracks |
| 3:51 | Troll Headhunter |
| 3:54 | Stronghold |
| 4:05 | Steel Armor |
| 4:42 | Orc Burrow |
| 4:59 | Troll Headhunter |
| 5:09 | Voodoo Lounge |
| 5:28 | Steel Ranged Weapons |
| 6:00 | Healing Wave |
| 6:25 | Troll Headhunter |
| 6:26 | Troll Regeneration |
| 7:03 | Troll Headhunter |
| 7:04 | Fortress |
| 7:07 | Spirit Lodge |
| 7:11 | Orc Burrow |
| 7:20 | Serpent Ward |
| 8:41 | Shaman Adept Training |
| 8:48 | Orc Burrow |
| 9:25 | Troll Headhunter |
| 9:46 | Shaman Master Training |
| 9:46 | Shaman |
| 9:46 | Shaman |
| 10:51 | Periapt of Vitality |
| 10:51 | Circlet of Nobility |
| 10:53 | Boots of Speed |
| 12:16 | Berserker Upgrade |
| 12:18 | Troll Headhunter |
| 12:20 | Thorium Armor |
| 12:23 | Arcanite Armor |
| 13:31 | Shaman |
| 13:31 | Shaman |
| 15:22 | Healing Wave |
| 15:43 | Troll Berserker |
| 15:43 | Troll Berserker |
| 15:44 | Troll Berserker |
| 15:46 | Shaman |
| 15:46 | Shaman |
| 16:28 | Reinforced Defenses |
| 18:22 | Troll Berserker |
| 18:22 | Troll Berserker |
| 18:25 | Shaman |
| 18:25 | Shaman |
| 18:30 | Orc Burrow |
| 20:34 | Serpent Ward |
| 20:42 | Troll Berserker |
| 20:44 | Shaman |
| 21:18 | Thorium Ranged Weapons |
| Right click | 521 |
| Select group | 284 |
| Select | 280 |
| Build/train/purchase | 102 |
| Assign group | 36 |
| Use ability | 31 |
| Misc. action | 21 |
| Minimap ping | 7 |
| Esc | 2 |
| Item give/drop | 1 |


| Scroll of Regeneration | 1 | 100 |
| Lesser Clarity Potion | 1 | 70 |
| Scroll of Town Portal | 3 | 1050 |
| total: | 5 | 1220g |
| Peasant | 26 | 1950 | / | 0 |
| Footman | 13 | 1755 | / | 0 |
| Priest | 5 | 675 | / | 50 |
| Gryphon Rider | 8 | 2240 | / | 560 |
| Dragonhawk Rider | 5 | 1000 | / | 150 |
| total: | 57 | 7620g | / | 760w |
| Scout Tower | 9 | 270 | / | 180 |
| Arcane Tower | 3 | 210 | / | 150 |
| Guard Tower | 8 | 560 | / | 400 |
| Farm | 15 | 1200 | / | 300 |
| Barracks | 3 | 480 | / | 180 |
| Altar of Kings | 3 | 540 | / | 150 |
| Lumber Mill | 1 | 120 | / | 0 |
| Arcane Vault | 2 | 260 | / | 60 |
| Blacksmith | 2 | 280 | / | 120 |
| Town Hall | 1 | 385 | / | 205 |
| Gryphon Aviary | 2 | 280 | / | 300 |
| Arcane Sanctum | 1 | 150 | / | 140 |
| Keep | 2 | 640 | / | 420 |
| Castle | 1 | 360 | / | 210 |
| total: | 39 | 3965g | / | 1635w |
| 0:03 | Peasant |
| 0:03 | Peasant |
| 0:03 | Peasant |
| 0:03 | Peasant |
| 0:05 | Farm |
| 0:10 | Barracks |
| 0:11 | Barracks |
| 0:12 | Barracks |
| 0:14 | Peasant |
| 0:14 | Peasant |
| 0:34 | Altar of Kings |
| 0:36 | Altar of Kings |
| 0:37 | Altar of Kings |
| 0:43 | Peasant |
| 1:00 | Peasant |
| 1:08 | Farm |
| 1:12 | Farm |
| 1:17 | Peasant |
| 1:24 | Footman |
| 1:37 | Lumber Mill |
| 1:56 | Scout Tower |
| 1:59 | Footman |
| 2:09 | Farm |
| 2:18 | Arcane Vault |
| 2:22 | Peasant |
| 2:22 | Peasant |
| 2:28 | Arcane Tower |
| 2:35 | Farm |
| 2:40 | Summon Water Elemental |
| 2:50 | Footman |
| 2:50 | Footman |
| 3:09 | Footman |
| 3:12 | Peasant |
| 3:12 | Peasant |
| 3:41 | Scout Tower |
| 3:46 | Scout Tower |
| 3:59 | Farm |
| 4:03 | Footman |
| 4:03 | Footman |
| 4:03 | Footman |
| 4:06 | Keep |
| 4:12 | Guard Tower |
| 4:18 | Guard Tower |
| 4:35 | Footman |
| 4:56 | Farm |
| 5:00 | Brilliance Aura |
| 5:08 | Footman |
| 5:13 | Footman |
| 5:20 | Blacksmith |
| 5:22 | Blacksmith |
| 5:40 | Footman |
| 5:43 | Farm |
| 5:45 | Scroll of Regeneration |
| 6:30 | Footman |
| 6:32 | Castle |
| 6:35 | Gryphon Aviary |
| 6:37 | Gryphon Aviary |
| 6:55 | Iron Forged Swords |
| 7:17 | Scout Tower |
| 7:21 | Summon Water Elemental |
| 7:46 | Arcane Sanctum |
| 7:59 | Arcane Vault |
| 8:37 | Guard Tower |
| 8:43 | Flame Strike |
| 8:53 | Improved Lumber Harvesting |
| 8:56 | Steel Forged Swords |
| 9:01 | Priest Adept Training |
| 9:02 | Priest |
| 9:38 | Scroll of Town Portal |
| 10:31 | Storm Hammers |
| 10:32 | Cloud |
| 10:33 | Gryphon Rider |
| 10:47 | Siphon Mana |
| 10:57 | Gryphon Rider |
| 11:05 | Iron Plating |
| 11:06 | Studded Leather Armor |
| 11:21 | Advanced Lumber Harvesting |
| 11:29 | Blizzard |
| 11:50 | Peasant |
| 11:50 | Peasant |
| 11:50 | Peasant |
| 11:51 | Peasant |
| 11:59 | Dragonhawk Rider |
| 11:59 | Dragonhawk Rider |
| 12:01 | Gryphon Rider |
| 12:06 | Dragonhawk Rider |
| 12:17 | Priest Master Training |
| 12:20 | Farm |
| 13:05 | Dragonhawk Rider |
| 13:12 | Farm |
| 13:13 | Farm |
| 13:13 | Farm |
| 13:44 | Mithril Forged Swords |
| 14:10 | Priest |
| 14:10 | Priest |
| 15:03 | Flame Strike |
| 15:54 | Scroll of Town Portal |
| 15:55 | Lesser Clarity Potion |
| 16:11 | Dragonhawk Rider |
| 16:16 | Farm |
| 17:14 | Scroll of Town Portal |
| 17:44 | Gryphon Rider |
| 17:58 | Blizzard |
| 18:22 | Gryphon Rider |
| 18:23 | Gryphon Rider |
| 19:27 | Gryphon Rider |
| 19:27 | Gryphon Rider |
| 19:32 | Peasant |
| 19:32 | Peasant |
| 19:32 | Peasant |
| 19:32 | Peasant |
| 20:19 | Siphon Mana |
| 20:26 | Town Hall |
| 20:34 | Peasant |
| 20:34 | Peasant |
| 21:01 | Peasant |
| 21:01 | Peasant |
| 21:01 | Peasant |
| 21:21 | Scout Tower |
| 21:22 | Scout Tower |
| 21:23 | Scout Tower |
| 21:25 | Farm |
| 21:39 | Magic Sentry |
| 21:44 | Reinforced Leather Armor |
| 21:48 | Scout Tower |
| 21:51 | Scout Tower |
| 22:36 | Guard Tower |
| 22:38 | Arcane Tower |
| 22:49 | Mass Teleport |
| 23:08 | Priest |
| 23:08 | Priest |
| 23:16 | Farm |
| Select group | 3028 |
| Right click | 1981 |
| Select | 666 |
| Misc. action | 181 |
| Build/train/purchase | 164 |
| Assign group | 64 |
| Use ability | 51 |
| Esc | 14 |
| Minimap ping | 6 |
| Item give/drop | 1 |

| Potion of Healing | 5 | 750 |
| Orb of Venom | 1 | 325 |
| Scroll of Town Portal | 1 | 350 |
| Potion of Lesser Invulnerability | 1 | 150 |
| total: | 8 | 1575g |
| Wisp | 22 | 1320 | / | 0 |
| Archer | 25 | 3250 | / | 250 |
| Hippogryph | 8 | 1280 | / | 160 |
| Druid of the Talon | 2 | 290 | / | 40 |
| Forest Troll High Priest | 2 | 610 | / | 80 |
| total: | 59 | 6750g | / | 530w |
| Altar of Elders | 1 | 180 | / | 50 |
| Moon Well | 7 | 1260 | / | 280 |
| Ancient of War | 3 | 450 | / | 180 |
| Ancient of Wonders | 1 | 90 | / | 30 |
| Tree of Life | 1 | 340 | / | 185 |
| Hunter's Hall | 1 | 210 | / | 100 |
| Ancient of Wind | 2 | 300 | / | 280 |
| Tree of Ages | 1 | 320 | / | 180 |
| Tree of Eternity | 1 | 330 | / | 200 |
| total: | 16 | 2830g | / | 1105w |
| 0:05 | Wisp |
| 0:06 | Wisp |
| 0:06 | Wisp |
| 0:09 | Altar of Elders |
| 0:21 | Moon Well |
| 0:23 | Wisp |
| 0:52 | Ancient of War |
| 0:53 | Wisp |
| 1:04 | Wisp |
| 1:18 | Wisp |
| 1:23 | Wisp |
| 1:28 | Moon Well |
| 1:41 | Wisp |
| 1:52 | Wisp |
| 1:57 | Archer |
| 2:09 | Archer |
| 2:17 | Force of Nature |
| 2:24 | Archer |
| 2:28 | Ancient of Wonders |
| 2:31 | Wisp |
| 2:52 | Archer |
| 3:02 | Wisp |
| 3:02 | Wisp |
| 3:15 | Archer |
| 3:52 | Tree of Life |
| 3:56 | Entangling Roots |
| 4:08 | Ancient of War |
| 4:22 | Tree of Ages |
| 4:55 | Moon Well |
| 5:03 | Force of Nature |
| 5:17 | Hunter's Hall |
| 6:22 | Strength of the Moon |
| 6:24 | Moon Well |
| 6:56 | Archer |
| 6:56 | Archer |
| 6:57 | Ancient of Wind |
| 6:59 | Ancient of War |
| 6:59 | Ancient of Wind |
| 7:00 | Wisp |
| 7:01 | Wisp |
| 7:01 | Wisp |
| 7:13 | Moon Armor |
| 7:16 | Moon Well |
| 7:17 | Wisp |
| 7:17 | Wisp |
| 7:17 | Wisp |
| 7:18 | Wisp |
| 9:09 | Potion of Healing |
| 9:09 | Potion of Healing |
| 9:09 | Potion of Healing |
| 9:09 | Potion of Healing |
| 9:09 | Potion of Healing |
| 9:23 | Hippogryph |
| 9:23 | Hippogryph |
| 9:24 | Archer |
| 9:34 | Improved Strength of the Moon |
| 9:34 | Improved Moon Armor |
| 9:37 | Wisp |
| 9:37 | Wisp |
| 9:57 | Forest Troll High Priest |
| 9:59 | Nature's Blessing |
| 10:02 | Moon Well |
| 10:04 | Archer |
| 10:04 | Archer |
| 10:07 | Improved Bows |
| 10:08 | Archer |
| 10:08 | Archer |
| 10:35 | Entangling Roots |
| 10:49 | Hippogryph |
| 10:50 | Archer |
| 10:51 | Archer |
| 10:52 | Archer |
| 10:52 | Archer |
| 10:52 | Archer |
| 11:21 | Tree of Eternity |
| 11:33 | Archer |
| 11:33 | Archer |
| 11:50 | Orb of Venom |
| 12:07 | Hippogryph |
| 12:12 | Strength of the Wild |
| 12:15 | Potion of Lesser Invulnerability |
| 12:57 | Forest Troll High Priest |
| 13:13 | Hippogryph |
| 13:14 | Archer |
| 13:37 | Hippogryph |
| 13:53 | Scroll of Town Portal |
| 14:15 | Hippogryph |
| 15:00 | Archer |
| 15:00 | Archer |
| 15:00 | Archer |
| 15:00 | Archer |
| 15:58 | Entangling Roots |
| 15:58 | Entangling Roots |
| 16:15 | Tranquility |
| 18:59 | Hippogryph |
| 20:07 | Moon Well |
| 21:56 | Archer |
| 21:57 | Druid of the Talon |
| 22:34 | Druid of the Talon |
| 23:00 | Force of Nature |
| 23:01 | Thorns Aura |
| Right click | 710 |
| Select | 334 |
| Select group | 135 |
| Build/train/purchase | 101 |
| Use ability | 52 |
| Minimap ping | 16 |
| Misc. action | 15 |
| Assign group | 9 |
| Item give/drop | 4 |
| Esc | 2 |
| Remove unit | 1 |
⇛